 Dungeon Crawl Stone Soup version 0.24.0-123-gd5b16e6ec5 (webtiles) character file.

Game seed: 589386407306957567, levelgen mode: deterministic

2842 MisterOstroum the Skirmisher (level 9, -9/71 HPs)
             Began as a Demonspawn Skald on Jan 11, 2020.
             Was a Follower of Makhleb.
             Mangled by an orc warrior
             ... wielding a +0 war axe
              (15 damage)
             ... on level 7 of the Dungeon on Jan 12, 2020.
             The game lasted 00:29:13 (10051 turns).

MisterOstroum the Skirmisher (Demonspawn Skald)    Turns: 10051, Time: 00:29:14

Health: -9/71      AC: 14    Str: 14    XL:     9   Next: 46%
Magic:  13/13      EV: -5    Int: 21    God:    Makhleb [*.....]
Gold:   339        SH: 10    Dex: 13    Spells: 5/14 levels left

rFire    + + .     SeeInvis .   a - +2 short sword (elec)
rCold    + . .     Gourm    +   U - +0 large shield (curse)
rNeg     . . .     Faith    .   f - +0 gold dragon scales
rPois    +         Spirit   .   (helmet restricted)
rElec    .         Reflect  .   F - +0 cloak
rCorr    .         Harm     .   (no gloves)
MR       +....                  (no boots)
Stlth    ..........             u - amulet of the gourmand
HPRegen  0.21/turn              E - ring of protection from magic
MPRegen  0.13/turn              I - +6 ring of intelligence

@: no status effects
A: antennae 1, talons 2, fire resistance 1, spiny 1, flame cloud immunity
a: Renounce Religion


You were on level 7 of the Dungeon.
You worshipped Makhleb.
Makhleb was aware of your devotion.
You were completely stuffed.

You visited 2 branches of the dungeon, and saw 8 of its levels.

You collected 487 gold pieces.
You spent 148 gold pieces at shops.

Inventory:

Hand Weapons
 a - a +2 short sword of electrocution (weapon)
 b - a +0 spear
 c - a +0 halberd
 r - a +2 dagger of freezing
 V - the +9 hand crossbow "Transmigrator" {elec, rPois rC+ rN+ Str-4, unknown}
   (You found it on level 7 of the Dungeon)

   It charges the ammunition it shoots with electricity; occasionally upon a
   hit, such missiles may discharge and cause terrible harm.
   It affects your strength (-4).
   It protects you from cold.
   It protects you from poison.
   It protects you from negative energy.
Missiles
 g - 268 stones
 w - 29 sling bullets
 y - 55 bolts
 G - 8 javelins
 J - 73 arrows
 P - 38 poisoned darts (quivered)
Armour
 f - +0 gold dragon scales (worn)
 x - a +1 robe of cold resistance
 F - a +0 cloak (worn)
 O - a +0 shield
 R - a +0 leather armour
 U - a cursed +0 large shield (worn)
Magical Staves
 C - an uncursed staff of death {unknown}
Jewellery
 p - an uncursed ring of ice
 u - an amulet of the gourmand (around neck)
 A - an uncursed ring of see invisible
 E - a ring of protection from magic (left hand)
 H - an uncursed ring of protection from fire
 I - a +6 ring of intelligence (right hand)
 N - an uncursed ring of magical power
Wands
 W - a wand of acid (10)
Scrolls
 i - 3 scrolls of teleportation {@r3 !r}
 j - a scroll of enchant armour {unknown}
 k - 2 scrolls of enchant weapon {unknown}
 m - 3 scrolls of fog {unknown}
 o - 4 scrolls of remove curse
 t - a scroll of amnesia {unknown}
 v - 2 scrolls of magic mapping {unknown}
 B - a scroll of random uselessness {unknown}
 D - 3 scrolls of fear {!r}
 Q - 2 scrolls of vulnerability {unknown}
 T - 3 scrolls of identify {@r1}
 X - a scroll of immolation {unknown}
Potions
 d - a potion of brilliance {unknown}
 h - a potion of resistance
 l - 2 potions of might
 n - a potion of ambrosia
 q - 2 potions of agility
 s - 4 potions of curing {@q1 !q}
 z - a potion of heal wounds {@q2 !q}
 K - a potion of haste {@q4 !q}
 L - a potion of lignification {@q6}
 M - 2 potions of mutation
 S - a potion of invisibility {unknown}
Comestibles
 e - 11 rations
 Y - 12 chunks of flesh


   Skills:
 * Level 6.7 Fighting
 * Level 3.0 Short Blades
 - Level 4.5 Polearms
 + Level 1.8 Armour
 - Level 1.9 Dodging
 - Level 3.1 Spellcasting
 - Level 5.3 Hexes
 - Level 5.1 Charms
 - Level 3.8 Necromancy
 - Level 3.2 Translocations


You had 5 spell levels left.
You knew the following spells:

 Your Spells              Type           Power        Failure   Level  Hunger
a - Infusion              Chrm           ###.         100%        1    None
b - Shroud of Golubria    Chrm/Tloc      ###...       100%        2    ##.....
c - Spectral Weapon       Hex/Chrm       ####....     100%        3    ###....
H - Regeneration          Chrm/Necr      ###.......   100%        3    ###....

Your spell library contained the following spells:

 Spells                   Type           Power        Failure   Level  Hunger
 Song of Slaying          Chrm           ###.....     100%        2    ##.....


Dungeon Overview and Level Annotations

Branches:
Dungeon (7/15)             Temple (1/1) D:5

Altars:
Ashenzari
Cheibriados
Dithmenos
Elyvilon
Fedhas
Gozag
Kikubaaqudgha
Makhleb
Nemelex Xobeh
Okawaru
Qazlal
Ru
Sif Muna
Trog
Uskayaw
Vehumet
Wu Jian
Yredelemnul
Zin
The Shining One

Shops:
D:4 [   D:6 *

Annotations:
D:6 1 runed translucent door, exclusion: door, jaiteiro's ghost, novice MiHu


Innate Abilities, Weirdness & Mutations

You have a pair of small antennae on your head.
You have razor-sharp toenails.
Your flesh is heat resistant. (rF+)
You are partially covered in sharp spines.
You are immune to clouds of flame.


Message History

No target in view!
Eating one of 13 chunks of flesh.
You eat one of the 13 chunks of flesh.
This raw flesh tastes great.
z - 2 potions of heal wounds {@q2 !q} (gained 1)
A phantom comes into view.
A phantom is nearby!
A phantom is nearby!
An orc warrior comes into view. It is wielding a +0 war axe.
The orc warrior shouts!
An orc comes into view. It is wielding a +0 club.
An orc priest comes into view. It is wielding a +0 mace.
The orc warrior moves out of view.
The orc priest shouts!
The orc shouts!
You block the phantom's attack.
An orc wizard comes into view. It is wielding a +1 dagger of flaming.
You hit the phantom. You claw the phantom, but do no damage.
The phantom is lightly damaged.
The phantom is struck by your spines.
The phantom hits you but does no damage.
The orc priest mumbles some strange prayers to Beogh against you.
Beogh smites you!
The orc wizard casts a spell.
The orc wizard flickers and vanishes!
Deactivating autopickup; reactivate with Ctrl-A.
You hit the phantom. Your kick misses the phantom.
The phantom is moderately damaged.
The phantom blinks!
A puff of flame appears from out of thin air!
The puff of flame hits you. You resist.
The phantom blinks!
The phantom blinks!
The phantom blinks!
Found a great mace.
The orc warrior hits you with a +0 war axe.
The orc warrior is struck by your spines.
The orc warrior hits you but does no damage.
The orc priest invokes the aid of Beogh against you.
Beogh smites you!
You hit the orc. Lightning courses through the orc!
You kill the orc!
Makhleb accepts your kill.
You hit the orc warrior.
Lightning courses through the orc warrior!
You claw the orc warrior, but do no damage.
The orc warrior is heavily wounded.
The orc warrior is struck by your spines.
The orc warrior hits you with a +0 war axe!
You are too injured to fight recklessly!
Okay, then.
You block something's attack. The phantom completely misses you.
You miss something. Something hits you but does no damage.
You block the phantom's attack. You block the orc warrior's attack.
You hit the phantom. Your kick misses the phantom.
The phantom is moderately damaged.
Something hits you but does no damage.
The phantom blinks!
The orc warrior is struck by your spines.
The orc warrior hits you with a +0 war axe!
You hit something but do no damage.
An orc wizard appears from thin air!
Reactivating autopickup.
You block the orc wizard's attack.
The phantom blinks!
You hit the orc priest.
The orc priest is moderately wounded.
The orc warrior hits you with a +0 war axe!
* * * LOW HITPOINT WARNING * * *
You block the orc wizard's attack.
The orc priest looks braver for a moment.
Your gold dragon scales prevents you from hitting the orc priest.
You claw the orc priest, but do no damage.
The orc priest is moderately wounded.
The orc warrior hits you with a +0 war axe!
* * * LOW HITPOINT WARNING * * *
You block the orc wizard's attack. You block the orc priest's attack.
You block the orc wizard's attack.
The orc priest is struck by your spines.
The orc priest hits you but does no damage.
Your gold dragon scales prevents you from hitting the orc priest.
The orc priest is moderately wounded.
The orc wizard hits you but does no damage.
You block the orc warrior's attack.
The orc priest hits you but does no damage.
Really quaff
z - 2 potions of heal wounds {@q2 !q}?
You feel much better. The phantom hits you. You block the orc wizard's attack.
You block the orc warrior's attack.
Okay, then.
You hit the orc priest but do no damage.
You claw the orc priest, but do no damage.
The orc priest is moderately wounded.
The orc priest hits you with a +0 mace.
The phantom blinks!
The orc wizard hits you with a +1 dagger of flaming.
The orc warrior is struck by your spines.
The orc warrior hits you with a +0 war axe!
You hit the orc warrior.
You claw the orc warrior, but do no damage.
The orc warrior is almost dead.
The orc priest calls down the wrath of Beogh upon you.
Beogh smites you!
* * * LOW HITPOINT WARNING * * *
The orc wizard hits you but does no damage.
The orc warrior hits you with a +0 war axe!
You die...

.....W...................
......o..................
############..#...#.#....
#####..#.###.# ..#
#.............#{ .#
#)......W.....# #
#...........#)#
..........oo#o#
#.........@o#.#
#.........ยง...#
#...........###
#...........# #.####
#...........# #.....
#...........# #....
#...........# #....
#...........# #....
####...........# #...


You could see a phantom, an orc warrior, an orc priest and an orc wizard.

Vanquished Creatures
  Pikel (D:5)
  A hungry ghost (D:4)
  2 water moccasins (D:6)
  An ice beast (D:4)
  An orc warrior (D:6)
  2 slaves (D:5)
  2 ogres
  A sky beast (D:6)
  A centaur (D:7)
  2 big kobolds
  4 bullfrogs
  A scorpion (D:6)
  3 crimson imps
  4 orc wizards
  3 bullfrog skeletons
  4 orc priests
  A centaur skeleton (D:4)
  5 hounds
  An iguana (D:4)
  8 worker ants
  2 hound skeletons
  A hound zombie (D:6)
  A howler monkey zombie (D:5)
  2 howler monkey skeletons (D:4)
  3 adders
  2 shadow imps
  2 oozes
  4 adder skeletons
  3 worms
  2 dart slugs
  3 leopard geckos
  18 orcs
  9 bats
  3 giant cockroaches
  5 goblins
  8 hobgoblins
  5 jackals
  3 quokkas
  4 frilled lizards
  13 kobolds
  2 leopard gecko skeletons (D:4)
  6 rats
149 creatures vanquished.

Vanquished Creatures (others)
  A spectral weapon (D:5)
1 creature vanquished.

Grand Total: 150 creatures vanquished

Notes
Turn   | Place    | Note
-------+----------+-------------------------------------------
     0 | D:1      | MisterOstroum the Demonspawn Skald began the quest for the
                  | Orb.
     0 | D:1      | Reached XP level 1. HP: 16/16 MP: 3/3
    25 | D:1      | You fall into a shaft and drop 1 floor!
   108 | D:2      | Gained mutation: Your flesh is heat resistant. (rF+)
                  | [demonic ancestry]
   108 | D:2      | Reached XP level 2. HP: 22/22 MP: 5/5
   202 | D:1      | Learned a level 2 spell: Shroud of Golubria
   680 | D:2      | Found a shimmering blue altar of Sif Muna.
  1060 | D:2      | Gained mutation: You are partially covered in sharp spines.
                  | [demonic ancestry]
  1060 | D:2      | Reached XP level 3. HP: 6/28 MP: 0/6
  1074 | D:2      | Learned a level 3 spell: Spectral Weapon
  1932 | D:2      | Reached XP level 4. HP: 31/34 MP: 0/7
  2722 | D:2      | Reached skill level 1 in Hexes
  2925 | D:3      | Reached skill level 3 in Fighting
  2925 | D:3      | Reached XP level 5. HP: 25/41 MP: 1/8
  3823 | D:4      | Found Kirchupt's Antique Armour Shoppe.
  3904 | D:4      | Bought a cloak for 148 gold pieces
  4009 | D:4      | Noticed an ogre
  4023 | D:4      | Killed an ogre
  4023 | D:4      | Gained mutation: You have a pair of small antennae on your
                  | head. [demonic ancestry]
  4023 | D:4      | Reached XP level 6. HP: 28/47 MP: 3/9
  4077 | D:3      | Learned a level 3 spell: Regeneration
  4331 | D:3      | Reached skill level 1 in Armour
  5348 | D:5      | Entered Level 5 of the Dungeon
  5425 | D:5      | Noticed a slave
  5425 | D:5      | Noticed a slave
  5429 | D:5      | Found a shattered altar of Ashenzari.
  5574 | D:4      | Gained mutation: You have sharp toenails. [demonic
                  | ancestry]
  5574 | D:4      | Reached XP level 7. HP: 53/53 MP: 5/10
  5581 | D:4      | Reached skill level 4 in Fighting
  5610 | D:4      | Noticed a hungry ghost
  5630 | D:4      | Killed a hungry ghost
  5909 | D:5      | Found a burning altar of Makhleb.
  5929 | D:5      | Reached skill level 5 in Charms
  5953 | D:5      | Became a worshipper of Makhleb the Destroyer
  6029 | D:5      | Reached skill level 1 in Translocations
  6124 | D:5      | Found a staircase to the Ecumenical Temple.
  6182 | Temple   | Entered the Ecumenical Temple
  6477 | D:5      | Noticed Pikel
  6541 | D:4      | Reached skill level 1 in Necromancy
  6643 | D:5      | Gained mutation: You are immune to clouds of flame.
                  | [demonic ancestry]
  6643 | D:5      | Reached XP level 8. HP: 42/61 MP: 1/11
  6989 | D:5      | Found an ancient bone altar of Kikubaaqudgha.
  6991 | D:5      | Found a blossoming altar of Fedhas.
  7357 | D:5      | Killed Pikel
  7357 | D:5      | Reached skill level 5 in Fighting
  7357 | D:5      | Reached skill level 5 in Hexes
  7882 | D:6      | Reached skill level 1 in Short Blades
  8203 | D:6      | Found Kiorgh Lounah's Serpentskin Sales.
  8360 | D:6      | Found a runed translucent door.
  8360 | D:6      | Noticed jaiteiro's ghost (novice MiHu)
  8421 | D:6      | Reached * piety under Makhleb
  8421 | D:6      | Gained mutation: You have razor-sharp toenails. [demonic
                  | ancestry]
  8421 | D:6      | Reached XP level 9. HP: 50/69 MP: 9/13
  8761 | D:6      | Reached skill level 6 in Fighting
  9787 | D:7      | Got a brightly glowing hand crossbow
 10051 | D:7      | Mangled by an orc warrior

Levels and vault maps discovered:
D:1:      ncdulo_watergridlock, layout_rooms
D:2:      layout_basic, old_standard_altar
D:3:      layout_loops_ring
D:4:      cheibrodos_barr_body, layout_cave_pools, serial_shops, shop
D:5:      layout_gridville, grunt_temple_overflow_growth_and_decay,
          kennysheep_little_box, evilmike_ruin_ashenzari,
          minmay_temple_entry_statues_pillars, first_ration, uniq_pikel
D:6:      layout_basic, ebering_ghost_sewer_d, guppyfry_shop_venom
D:7:      layout_basic
Temple:   regret_index_temple_generic_petals

Skill      XL: |  1  2  3  4  5  6  7  8  9 |
---------------+----------------------------+-----
Polearms       | 2 3 4 |  4.5
Charms         | 3 4 5 |  5.1
Hexes          | 1 2 3 4 5 |  5.3
Fighting       | 3 4 5 6 |  6.7
Armour         | 1 |  1.8
Translocations | 2 3 |  3.2
Necromancy     | 1 3 |  3.8
Short Blades   | 1 3 |  3.0
Spellcasting   | 3 |  3.1
Dodging        | |  1.9

Action                   |  1- 3 |  4- 6 |  7- 9 || total
-------------------------+-------+-------+-------++-------
Melee: Spear             |   118 |   146 |   147 ||   411
       Kick              |       |       |    74 ||    74
       Short sword       |       |       |   107 ||   107
Throw: Stone             |       |     1 |     6 ||     7
       Dart              |       |       |    14 ||    14
 Cast: Infusion          |     6 |     8 |    13 ||    27
       Shroud of Golubri |       |    11 |    21 ||    32
       Spectral Weapon   |       |     9 |    15 ||    24
       Regeneration      |       |     2 |     4 ||     6
  Use: Scroll            |       |    11 |     2 ||    13
       Potion            |       |     1 |     2 ||     3
 Stab: Sleeping          |       |     4 |     3 ||     7
  Eat: Chunk             |     3 |    10 |    21 ||    34
       Ration            |       |     1 |     3 ||     4
Armor: Leather armour    |    16 |     7 |       ||    23
       Robe              |       |     7 |    31 ||    38
       Gold dragon scale |       |    26 |    62 ||    88
Dodge: Dodged            |    55 |    63 |    79 ||   197
Block: Large shield      |       |       |    41 ||    41
       Shield            |       |       |     8 ||     8
